 Dungeon Crawl Stone Soup version 0.31-a0-851-g7ff8af7976 (webtiles) character file.

Game seed: 7501829718432999904

2109 BinkBink the Thaumaturge (level 9, 0/40 HPs)
             Began as a Deep Elf Summoner on Oct 5, 2023.
             Was a Follower of Hepliaklqana.
             Shot with a bolt by an orc warrior (12 damage)
             ... on level 7 of the Dungeon.
             The game lasted 00:25:10 (7693 turns).

BinkBink the Thaumaturge (Deep Elf Summoner)        Turns: 7693, Time: 00:25:10

Health: 0/40       AC:  4    Str:  5    XL:     9   Next: 7%
Magic:  28/34      EV: 13    Int: 25    God:    Hepliaklqana [*.....]
Gold:   493        SH:  0    Dex: 21    Spells: 14/28 levels left

rFire   . . .        (no weapon)
rCold   . . .        (no shield)
rNeg    . . .        a - +0 robe
rPois   .            (no helmet)
rElec   .            c - +0 cloak
rCorr   .            o - +0 pair of gloves
SInv    .            (no boots)
Will    .....        j - amulet of faith
Stlth   ++           t - ring of magical power
HPRegen 0.26/turn    y - +6 ring of dexterity
MPRegen 0.24/turn

%: faith
@: no status effects
A: reduced essence
a: Renounce Religion, Recall Ancestor, Ancestor Identity


You were on level 7 of the Dungeon.
You worshipped Hepliaklqana.
Hepliaklqana was aware of your devotion.
You visited 2 branches of the dungeon, and saw 8 of its levels.

You collected 493 gold pieces.

Inventory:

Hand Weapons
 v - a +0 vampiric dagger
Missiles
 f - a throwing net
Armour
 a - a +0 robe (worn)
 c - a +0 cloak (worn)
 o - a +0 pair of gloves (worn)
Jewellery
 h - an amulet of regeneration
 j - an amulet of faith (around neck)
 l - a +6 ring of dexterity
 t - a ring of magical power (left hand)
 y - a +6 ring of dexterity (right hand)
Talismans
 m - a beast talisman
Wands
 s - a wand of digging (6)
 u - a wand of flame (65)
Scrolls
 d - 5 scrolls of poison
 g - 2 scrolls of immolation
 k - 7 scrolls of teleportation
 n - 3 scrolls of blinking
 q - a scroll of enchant armour
 x - 2 scrolls of noise
Potions
 b - a potion of magic
 e - 3 potions of curing
 i - 4 potions of invisibility
 p - a potion of berserk rage
 r - a potion of enlightenment {unknown}
 w - a potion of lignification
 z - a potion of heal wounds {unknown}


   Skills:
 - Level 2.4 Dodging
 - Level 2.4 Stealth
 + Level 10.0 Spellcasting
 + Level 6.0 Hexes
 + Level 9.2 Summonings
 + Level 3.2 Air Magic


You had 14 spell levels left.
You knew the following spells:

 Your Spells              Type           Power      Damage    Failure   Level
a - Summon Small Mammal   Summ           100%       N/A       1%          1
b - Call Imp              Summ           100%       N/A       1%          2
c - Call Canine Familiar  Summ           56%        N/A       1%          3
d - Summon Guardian Gole  Hex/Summ       50%        N/A       1%          3
e - Summon Lightning Spi  Summ/Air       43%        N/A       3%          4
f - Magic Dart            Conj           48%        1d5       4%          1

Your spell library contained the following spells:

 Spells                   Type           Power      Damage    Failure   Level
 Mephitic Cloud           Conj/Pois/Air  17%        N/A       10%         3


Dungeon Overview and Level Annotations

Branches:
Dungeon (7/15)             Temple (1/1) D:5

Altars:
Ashenzari
Cheibriados
Dithmenos
Elyvilon
Fedhas
Gozag
Hepliaklqana
Kikubaaqudgha
Makhleb
Nemelex Xobeh
Okawaru
Qazlal
Ru
Sif Muna
Trog
Uskayaw
Vehumet
Wu Jian
Xom
Yredelemnul
Zin
The Shining One

Shops:
D:1 [   D:3 (

Annotations:
D:4 1 runed translucent door, Crazy Yiuf


Message History

The orc warrior unwields a +0 battleaxe of flaming.
It stops flaming.
The orc warrior wields a +0 arbalest.
The orc warrior shoots a bolt.
The bolt hits you!!
Ouch! That really hurt!
Casting: Summon Small Mammal (safe; 1% risk of failure)
Confirm with . or Enter, or press ? or * to list all spells.
Casting: Summon Small Mammal (safe; 1% risk of failure)
Confirm with . or Enter, or press ? or * to list all spells.
A tiny devil pulls itself out of the air.
The orc warrior shoots a bolt.
The bolt barely misses your quokka. The bolt closely misses your quokka.
The bolt closely misses you.
You hear a shout!
Casting: Call Imp (safe; 1% risk of failure)
Confirm with . or Enter, or press ? or * to list all spells.
Casting: Call Canine Familiar (safe; 1% risk of failure)
Confirm with . or Enter, or press ? or * to list all spells.
A guardian golem appears, shielding your allies.
The orc warrior shoots a bolt.
The bolt closely misses your quokka. x2
The bolt closely misses your wolf. The bolt hits you!
* * * LOW HITPOINT WARNING * * *
You swap places.
Something hits your quokka!! Something burns your quokka.
Your quokka dies!
Your quokka's corpse disappears in a puff of smoke!
Your cerulean imp hits the orc warrior with a +1 spear.
Your wolf bites the orc warrior but does no damage.
The orc warrior unwields a +0 battleaxe of flaming.
It stops flaming.
The orc warrior wields a +0 arbalest.
The orc warrior shoots a bolt.
The bolt closely misses your cerulean imp.
The bolt misses you.
Your wolf bites the orc warrior but does no damage.
Your cerulean imp misses the orc warrior.
Your wolf barely misses the orc warrior.
The orc warrior shoots a bolt.
The bolt hits your cerulean imp!!
Your cerulean imp hits the orc warrior with a +1 spear.
Your wolf bites the orc warrior but does no damage.
Your wolf bites the orc warrior!
The orc warrior shoots a bolt.
The bolt misses your cerulean imp. The bolt hits you!
You die...

.. #. #.# ##### ..
#... # #.#
#####.#####.##.#.#
#ho..rro..........
#5###.#...#o.#.###
#@##......#..#.###
#9##.........#....
#.##..#.####.#####
#.......#
#####.### #.#
####.#### #
#.......# #
#.##.##.# #


You could see an orc warrior (ally target), a friendly guardian golem
(summoned), a friendly wolf (summoned, sheltered) and a friendly cerulean imp
(summoned, sheltered).

Vanquished Creatures
  A bullfrog (D:6)
1 creature vanquished.

Vanquished Creatures (collateral kills)
  Eustachio (D:5)
  Duvessa (D:5)
  2 ice beasts (D:5)
  2 black bears
  2 ogres (D:5)
  A phantom (D:6)
  A kobold brigand (D:6)
  A bullfrog (D:7)
  2 scorpions (D:5)
  3 wights (D:6)
  A howler monkey (D:6)
  4 hounds
  A jelly (D:6)
  A gnoll bouda (D:6)
  4 iguanas
  An orc wizard (D:3)
  13 gnolls
  6 adders
  3 ufetubi (D:4)
  2 worms
  3 dart slugs
  4 orcs
  6 bats
  4 endoplasms
  2 giant cockroaches
  3 goblins
  3 hobgoblins
  3 jackals (D:1)
  2 quokkas
  7 ball pythons
  3 frilled lizards
  9 kobolds
  5 rats
106 creatures vanquished.

Vanquished Creatures (others)
  A centaur (D:7)
  A kobold brigand (D:7)
  Dowan (D:5)
  A gnoll (D:6)
4 creatures vanquished.

Grand Total: 111 creatures vanquished

Notes
Turn   | Place    | Note
-------+----------+-------------------------------------------
     0 | D:1      | BinkBink the Deep Elf Summoner began the quest for the Orb.
     0 | D:1      | Reached XP level 1. HP: 10/10 MP: 6/6
   160 | D:1      | You fall into a shaft and drop 1 floor!
   203 | D:2      | Reached XP level 2. HP: 15/15 MP: 3/8
   219 | D:2      | Reached skill level 4 in Spellcasting
   235 | D:2      | Reached skill level 5 in Summonings
   235 | D:2      | Reached XP level 3. HP: 7/19 MP: 1/10
   238 | D:2      | Learned a level 2 spell: Call Imp
   901 | D:1      | Reached XP level 4. HP: 24/24 MP: 1/12
  1021 | D:1      | Found Pygon's Armour Shop.
  1501 | D:1      | Found a faded altar of an unknown god.
  2060 | D:1      | Learned a level 3 spell: Call Canine Familiar
  2076 | D:2      | Reached skill level 5 in Spellcasting
  2713 | D:3      | Found Puath's Antique Weapon Shoppe.
  2754 | D:3      | Found an iron altar of Okawaru.
  3022 | D:3      | Reached XP level 5. HP: 20/28 MP: 1/15
  3461 | D:4      | Found a runed translucent door.
  3462 | D:4      | Noticed Crazy Yiuf
  4646 | D:5      | Entered Level 5 of the Dungeon
  4695 | D:5      | Reached skill level 6 in Spellcasting
  4715 | D:5      | Reached XP level 6. HP: 28/32 MP: 17/17
  4766 | D:5      | Reached skill level 7 in Spellcasting
  4893 | D:5      | Noticed an ice beast
  4949 | D:5      | Killed an ice beast
  4950 | D:5      | Reached XP level 7. HP: 26/36 MP: 18/20
  5087 | D:5      | Found a staircase to the Ecumenical Temple.
  5092 | D:5      | Learned a level 3 spell: Summon Guardian Golem
  5112 | Temple   | Entered the Ecumenical Temple
  5217 | Temple   | Became a worshipper of Hepliaklqana the Forgotten
  5370 | D:5      | Found a sacrificial altar of Ru.
  5383 | D:5      | Found a burning altar of Makhleb.
  5429 | D:5      | Reached skill level 8 in Spellcasting
  5429 | D:5      | Reached skill level 1 in Hexes
  5510 | D:5      | Noticed Eustachio
  5546 | D:5      | Killed Eustachio
  5751 | D:5      | Noticed Dowan
  5751 | D:5      | Noticed Duvessa
  5770 | D:5      | Killed Duvessa
  5771 | D:5      | Reached XP level 8. HP: 35/41 MP: 22/22
  5775 | D:5      | Killed Dowan
  5961 | D:5      | Reached skill level 9 in Spellcasting
  6248 | D:5      | Learned a level 4 spell: Summon Lightning Spire
  6332 | D:6      | Reached * piety under Hepliaklqana
  6466 | D:6      | Learned a level 1 spell: Magic Dart
  6507 | D:6      | Reached skill level 1 in Air Magic
  6540 | D:6      | Found a white marble altar of Elyvilon.
  6810 | D:6      | Reached skill level 5 in Hexes
  7281 | D:6      | Found a basalt altar of Yredelemnul.
  7432 | D:7      | Reached XP level 9. HP: 40/40 MP: 24/24
  7482 | D:7      | Reached skill level 10 in Spellcasting
  7693 | D:7      | Shot with a bolt by an orc warrior

Illustrated notes

Levels and vault maps discovered:
D:1:      matt_arrival_los_fun, layout_basic,
          hellmonk_ecumenical_altar_leap_of_faith, serial_shops,
          nicolae_shop_rolling_square
D:2:      layout_rooms, minivault_19, corexii_hall_statues_t
D:3:      layout_basic, lemuel_round_altar, serial_shops, shop_statue
D:4:      layout_loops_corners, uniq_crazy_yiuf_cottage
D:5:      layout_cave_pods, nicolae_overflow_hidden_temple,
          nicolae_overflow_crystal_walls, minmay_temple_entry_slanted,
          st_stairs_5, reono_crystal_passage, uniq_duvessa, uniq_eustachio
D:6:      layout_basic, kennysheep_ying_yang
D:7:      layout_loops_cross, gammafunk_ghost_necromancy
Temple:   minmay_crystal_spiral_temple

Skill      XL: |  1  2  3  4  5  6  7  8  9 |
---------------+----------------------------+-----
Spellcasting   | 4 5 6 7 8 9 10 | 10.0
Summonings     | 5 6 7 8 9 |  9.2
Hexes          | 3 5 6 |  6.0
Air Magic      | 3 |  3.2
Dodging        | |  2.4
Stealth        | |  2.4

Action                     |  1- 3 |  4- 6 |  7- 9 || total
---------------------------+-------+-------+-------++-------
   Cast: Summon Small Mamm |    46 |    98 |    60 ||   204
         Call Imp          |    13 |    32 |    26 ||    71
         Call Canine Famil |       |    18 |    26 ||    44
         Summon Guardian G |       |       |    15 ||    15
    Use: Scroll            |       |       |    10 ||    10
 Armour: Robe              |    14 |    33 |    25 ||    72
  Dodge: Dodged            |    20 |    31 |    22 ||    73

Table legend: (Time is in decaauts)
 A = Elapsed time spent in this place.
 B = Non-inter-level travel time spent in this place.
 C = Inter-level travel time spent in this place.
 D = Time resting spent in this place.
 E = Time spent auto-exploring this place.
 F = Levels seen in this place.
 G = Mean time per level.
                   A        B        C        D        E       F      G
               +--------+--------+--------+--------+--------+-----+--------+
         Total |   7700 |   7290 |    410 |     30 |   5785 |   8 |  962.5 |
       Dungeon |   7524 |   7288 |    236 |     30 |   5785 |   7 | 1074.9 |
        Temple |    175 |      1 |    174 |      0 |      0 |   1 |  175.0 |
               +--------+--------+--------+--------+--------+-----+--------+

Top non-repeatable levels by time:
     D:5: 1489 daAuts
     D:4: 1392 daAuts
     D:1: 1304 daAuts
     D:6: 1052 daAuts
     D:2: 1031 daAuts
     D:3: 917 daAuts
     D:7: 335 daAuts
  Temple: 175 daAuts
